 Dungeon Crawl Stone Soup version 0.31.0-11-ge490571c62 (webtiles) character file.

Game seed: 3385997531912823931

6849832 Hi5aMiFi the Rhythm of Life and Death (level 27, 273/273 HPs)
             Began as a Ghoul Warper on Jan 26, 2024.
             Was a Follower of Uskayaw.
             Escaped with the Orb
             ... and 10 runes on Jan 28, 2024!
             The game lasted 11:04:14 (111760 turns).

Hi5aMiFi the Rhythm of Life and Death (GhWr)      Turns: 111760, Time: 11:04:14

Health: 273/273    AC: 47    Str: 42 (43) XL:     27
Magic:  40/40      EV: 12    Int: 12 (13) God:    Uskayaw [*.....]
Gold:   5341       SH: 28    Dex: 20 (21) Spells: 29/29 levels left

rFire   + + .        B - +8 flail "Orb Guardian's Regret" {speed, rPois Will+ Int+3}
rCold   + + .        p - +2 tower shield {reflect}
rNeg    + + +        a - +6 gold dragon scales
rPois   ∞            g - +2 helmet "Gaobethu" {*Slow rElec Str+5}
rElec   +            d - +2 cloak {rCorr}
rCorr   +            N - +0 pair of gloves of Loss {Rampage Str+2 Int-4 Dex+2}
SInv    .            e - +2 pair of boots of Okawaru, Riding {rF+ Will+ Stlth+}
Will    ++++.        s - amulet "Fingua" {Faith Str+2 Dex+5}
Stlth   x              - +4 ring of slaying
HPRegen 0.65/turn    c - ring of the Final Chapter {Str+7 Dex+6}
MPRegen 0.27/turn

%: slow self (1%), reflection, rampage, faith
@: studying 2 skills
A: claws 1, cold resistance 1, negative energy resistance 3, inhibited
regeneration, torment resistance 2, devour on kill
0: Orb of Zot
}: 10/15 runes: barnacled, slimy, silver, abyssal, demonic, glowing, magical,
fiery, dark, gossamer
a: Renounce Religion, Stomp


You escaped.
You worshipped Uskayaw.
Uskayaw was exalted by your worship.
You visited 12 branches of the dungeon, and saw 56 of its levels.
You visited Pandemonium 2 times, and saw 12 of its levels.
You visited the Abyss 2 times.
You visited 1 bazaar.
You also visited: Trove and Desolation.

You collected 11964 gold pieces.
You spent 6623 gold pieces at shops.

Inventory:

Hand Weapons
 k - a +9 antimagic morningstar
 B - the +8 flail "Orb Guardian's Regret" (weapon) {speed, rPois Will+ Int+3}
   (You found it on level 3 of the Dungeon)

   Int+3:     It affects your intelligence (+3).
   rPois:     It protects you from poison Will+: It increases your willpower.
Missiles
 l - 7 darts of dispersal
 n - 12 silver javelins (quivered)
 q - 10 boomerangs
 r - 24 javelins
 R - 5 throwing nets
Armour
 a - +6 gold dragon scales (worn)
 d - a +2 cloak of preservation (worn)
 e - the +2 pair of boots of Okawaru, Riding (worn) {rF+ Will+ Stlth+}
   (You found it on level 15 of the Dungeon)

   rF+:       It protects you from fire.
   Will+:     It increases your willpower.
   Stlth+:    It makes you more stealthy.
 g - the +2 helmet "Gaobethu" (worn) {*Slow rElec Str+5}
   (You found it in the Desolation of Salt)

   Str+5:     It affects your strength (+5).
   rElec:     It insulates you from electricity.
   *Slow:     It may slow you when you take damage.
 o - a scarf of resistance
 p - a +2 tower shield of reflection (worn)
 N - the +0 pair of gloves of Loss (worn) {Rampage Str+2 Int-4 Dex+2}
   (You found it in Pandemonium)

   Str+2:     It affects your strength (+2).
   Int-4:     It affects your intelligence (-4).
   Dex+2:     It affects your dexterity (+2).
   Rampage:   It bestows one free step when moving towards enemies.
Jewellery
 b - a ring of flight
 c - the ring of the Final Chapter (right hand) {Str+7 Dex+6}
   (You bought it in a shop in a bazaar)

   [ring of dexterity]

   Str+7:     It affects your strength (+7).
   Dex+6:     It affects your dexterity (+6).
 s - the amulet "Fingua" (around neck) {Faith Str+2 Dex+5}
   (You found it on level 5 of the Pits of Slime)

   [amulet of faith]

   Faith:     It allows you to gain divine favour quickly.
   Str+2:     It affects your strength (+2).
   Dex+5:     It affects your dexterity (+5).
 t - the ring "Heazoub" {rF+ rN+}
   (You took it off a deep elf annihilator in Pandemonium)

   [ring of positive energy]

   rF+:       It protects you from fire.
   rN+:       It protects you from negative energy.
 u - a ring of resist corrosion
 v - a ring of see invisible
 x - a +4 ring of slaying (left hand)
 C - an amulet of reflection
 P - a ring of protection from cold
 S - a ring of willpower
Wands
 y - a wand of light (29)
 A - a wand of roots (88)
 I - a wand of paralysis (71)
 V - a wand of digging (5)
Scrolls
 h - 15 scrolls of vulnerability
 i - 4 scrolls of silence
 E - 11 scrolls of fear
 G - a scroll of revelation
 H - 13 scrolls of fog
 M - 7 scrolls of immolation
 O - 2 scrolls of torment
 W - 10 scrolls of poison
 X - 2 scrolls of summoning
 Y - 14 scrolls of teleportation
Potions
 j - 28 potions of curing
 m - a potion of haste
 w - 6 potions of cancellation
 z - 7 potions of heal wounds
 F - 3 potions of resistance
 J - 3 potions of attraction
 L - 9 potions of ambrosia
 T - a potion of enlightenment
 U - a potion of might
 Z - 2 potions of invisibility
Miscellaneous
 f - a box of beasts
 K - a phantom mirror (inert)
 Q - a condenser vane


   Skills:
 O Level 27 Fighting
 + Level 14.6 Maces & Flails
 - Level 0.1 Ranged Weapons
 - Level 16.0 Throwing
 O Level 27 Armour
 - Level 5.0 Dodging
 O Level 27 Shields
 - Level 2.9 Unarmed Combat
 - Level 1.7 Spellcasting
 - Level 3.2 Translocations
 O Level 27 Invocations
 * Level 11.7 Evocations


You had 29 spell levels left.
You didn't know any spells.
Your spell library contained the following spells:

 Spells                   Type           Power      Damage    Failure   Level
 Blink                    Tloc           16%        N/A       36%         2
 Lesser Beckoning         Tloc           16%        N/A       36%         2
 Momentum Strike          Conj/Tloc      8%         3d8       58%         2
 Gell's Gravitas          Tloc           8%         N/A       58%         3
 Teleport Other           Tloc           8%         N/A       58%         3
 Foxfire                  Conj/Fire      4%         2x1d4     67%         1
 Freeze                   Ice            4%         1d3       67%         1
 Magic Dart               Conj           4%         1d3       67%         1
 Necrotise                Necr           4%         1d4       67%         1
 Sandblast                Erth           2%         2d4       67%         1
 Sting                    Conj/Alch      4%         1d3       67%         1
 Summon Small Mammal      Summ           4%         N/A       67%         1
 Call Imp                 Summ           2%         N/A       80%         2
 Cigotuvi's Dreadful Rot  Necr/Alch/Air  2%         N/A       80%         2
 Ensorcelled Hibernation  Hex/Ice        2%         N/A       80%         2
 Jinxbite                 Hex            2%         N/A       80%         2
 Scorch                   Fire           2%         2d5       80%         2
 Searing Ray              Conj           2%         2d4       80%         2
 Volatile Blastmotes      Fire/Tloc      8%         2d10      82%         3
 Manifold Assault         Tloc           8%         N/A       94%         4
 Passage of Golubria      Tloc           8%         N/A       94%         4
 Call Canine Familiar     Summ           1%         N/A       95%         3
 Dazzling Flash           Conj/Hex       2%         N/A       95%         3
 Frozen Ramparts          Ice            2%         1d1       95%         3
 Fugue of the Fallen      Necr           1%         N/A       95%         3
 Hailstorm                Conj/Ice       1%         3d5       95%         3
 Inner Flame              Hex/Fire       1%         N/A       95%         3
 Mephitic Cloud           Conj/Alch/Air  1%         N/A       95%         3
 Ozocubu's Armour         Ice            1%         N/A       95%         3
 Passwall                 Erth           1%         N/A       95%         3
 Sigil of Binding         Hex            1%         N/A       95%         3
 Stone Arrow              Conj/Erth      2%         3d7       95%         3
 Summon Ice Beast         Ice/Summ       1%         N/A       95%         3
 Swiftness                Air            1%         N/A       95%         3
 Tukima's Dance           Hex            1%         N/A       95%         3
 Vampiric Draining        Necr           1%         2d6       95%         3
 Dimensional Bullseye     Hex/Tloc       2%         N/A       99%         4
 Iskenderun's Mystic Bla  Conj/Tloc      4%         2d3       99%         4
 Vhi's Electric Charge    Tloc/Air       8%         N/A       99%         4
 Anguish                  Hex/Necr       0%         N/A       100%        4
 Animate Armour           Summ/Erth      2%         N/A       100%        4
 Animate Dead             Necr           1%         N/A       100%        4
 Brom's Barrelling Bould  Conj/Erth      1%         2d3       100%        4
 Cause Fear               Hex            0%         N/A       100%        4
 Dispel Undead            Necr           1%         3d6       100%        4
 Flame Wave               Conj/Fire      1%         2d4       100%        4
 Ignite Poison            Fire/Alch      1%         N/A       100%        4
 Leda's Liquefaction      Alch/Erth      0%         N/A       100%        4
 Martyr's Knell           Necr/Summ      1%         N/A       100%        4
 Olgreb's Toxic Radiance  Alch           1%         N/A       100%        4
 Petrify                  Alch/Erth      1%         N/A       100%        4
 Sticky Flame             Fire/Alch      1%         2d4       100%        4
 Summon Blazeheart Golem  Fire/Summ      1%         N/A       100%        4
 Summon Lightning Spire   Summ/Air       1%         N/A       100%        4
 Alistair's Intoxication  Alch           0%         N/A       100%        5
 Arcjolt                  Conj/Air       0%         1d10      100%        5
 Borgnjor's Vile Clutch   Necr/Erth      0%         N/A       100%        5
 Curse of Agony           Necr           1%         N/A       100%        5
 Fireball                 Conj/Fire      0%         3d3       100%        5
 Freezing Cloud           Conj/Ice/Air   0%         6-21      100%        5
 Irradiate                Conj/Alch      0%         3d11      100%        5
 Lee's Rapid Deconstruct  Erth           0%         3d4*      100%        5
 Metabolic Englaciation   Hex/Ice        0%         N/A       100%        5
 Silence                  Hex/Air        0%         N/A       100%        5
 Summon Forest            Summ/Tloc      2%         N/A       100%        5
 Summon Mana Viper        Hex/Summ       1%         N/A       100%        5
 Yara's Violent Unravell  Hex/Alch       0%         3d3       100%        5
 Bombard                  Conj/Erth      0%         9d1       100%        6
 Conjure Ball Lightning   Conj/Air       0%         3x3d6     100%        6
 Death Channel            Necr           0%         N/A       100%        6
 Dispersal                Tloc           4%         N/A       100%        6
 Eringya's Noxious Bog    Alch           0%         4d6       100%        6
 Plasma Beam              Fire/Air       0%         2x1d10    100%        6
 Sculpt Simulacrum        Ice/Alch       0%         N/A       100%        6
 Starburst                Conj/Fire      0%         6d3       100%        6
 Summon Cactus Giant      Summ           0%         N/A       100%        6
 Enfeeble                 Hex            0%         N/A       100%        7
 Haunt                    Necr/Summ      0%         N/A       100%        7
 Malign Gateway           Summ/Tloc      2%         N/A       100%        7
 Monstrous Menagerie      Summ           0%         N/A       100%        7
 Orb of Destruction       Conj           0%         9d5       100%        7
 Ozocubu's Refrigeration  Ice            0%         4d7       100%        7
 Summon Hydra             Summ           0%         N/A       100%        7
 Discord                  Hex            0%         N/A       100%        8
 Disjunction              Tloc           4%         N/A       100%        8
 Ignition                 Fire           0%         3d3       100%        8
 Infestation              Necr           0%         N/A       100%        8
 Lehudib's Crystal Spear  Conj/Erth      0%         10d2      100%        8
 Maxwell's Capacitive Co  Air            0%         ∞         100%        8
 Dragon's Call            Summ           0%         N/A       100%        9


Dungeon Overview and Level Annotations

Branches:
Dungeon (15/15)            Temple (1/1) D:5            Lair (5/5) D:10
 Shoals (4/4) Lair:3       Spider (4/4) Lair:3        Slime (5/5) Lair:4
    Orc (2/2) D:9             Elf (3/3) Orc:2        Vaults (5/5) D:14
  Crypt (3/3) Vaults:3       Tomb (0/3) Crypt:3      Depths (4/4) D:15
    Zot (5/5) Depths:4    Desolation (visited)

Altars:
Ashenzari
Cheibriados
Dithmenos
Fedhas
Gozag
Hepliaklqana
Kikubaaqudgha
Makhleb
Nemelex Xobeh
Okawaru
Qazlal
Ru
Sif Muna
Trog
Uskayaw
Vehumet
Wu Jian
Xom
Yredelemnul
Jiyva
Lugonu

Shops:
D:10 (   D:12 =   Orc:2 (*[:(   Elf:1 =   Elf:2 =[   Elf:3 :==   Vaults:1 *?!:
Zot:5 *   Depths:3 =

Portals:
Hell: Lair:5 Depths:1 Depths:2 Depths:3 Depths:4
Abyss: Depths:1 Depths:2 Depths:3
Pandemonium: Depths:2
Ziggurat: Depths:3

Annotations:
Depths:4 1 runed translucent door, Peitt's ghost, veteran BaIE


Innate Abilities, Weirdness & Mutations

You are immune to poison.
You have sharp fingernails.
Your flesh is cold resistant. (rC+)
You are immune to negative energy. (rN+++)
You do not regenerate when monsters are visible.
You are immune to unholy pain and torment.
You thrive by killing the living.


Message History

You climb upwards.
There is a stone staircase leading down here.
There is a stone staircase leading down here.
There is a stone staircase leading up here.
You climb upwards.
There is a stone staircase leading down here.
There is a fountain of clear blue water here.
Items here: ))) [.
There is a stone staircase leading up here.
You climb upwards.
There is a stone staircase leading down here.
Unknown command.
Unknown command.
Things that are here:
a +0 ring mail; a +0 morningstar
There is an escape hatch in the ceiling here.
A mysterious force pulls you upwards. The hatch slams shut behind you.
Aiming: Dig
Press: ? - help, Shift-Dir - straight line A rock wall.
This square is covered in magical glow.
The rock shatters into small pieces.
There is a stone staircase leading up here.
You climb upwards.
There is a stone staircase leading down here.
Unknown command.
Aiming: Dig
Press: ? - help, Shift-Dir - straight line A rock wall.
This square is covered in magical glow.
The rock shatters into small pieces.
Aiming: Dig
Press: ? - help, Shift-Dir - straight line A rock wall.
This square is covered in magical glow.
The rock shatters into small pieces.
Blink to where?
Press: ? - help, Dir - move target
As you read the scroll of blinking, it crumbles to dust.
You have escaped!

##.##..≈≈≈≈§§≈≈≈≈#
#..##..≈§§§≈§≈≈§≈#
#.###..§§§≈≈≈§≈≈≈# ###
#####.# #..§§≈≈§≈§≈≈≈#
..###.....# #....≈≈§§≈§≈≈#
#.#...##### #§#.§.§≈§≈.≈≈#
....###########........≈≈#
#..####.......#.##.....≈§#
#.......#.......@#.......#
##.######.#####..........#
#........# ##..########
#######..# ##.# ##### #..#
#.# ....# #..# #.# ###.#
#..# #.# #.# #..#######.#
#.# #..........#


There were no monsters in sight!

Vanquished Creatures
  Cerebov (Pan)
  the Royal Jelly (Slime:5)
  Ignacio (Pan)
  Mnoleg (Pan)
  Gloorx Vloq (Pan)
  Lom Lobon (Pan)
  3 dread liches (Zot:5)
  Tiamat (Zot:1)
  Khufu (Crypt:2)
  6 ancient liches
  6 orbs of fire
  Mara (Depths:2)
  Josephina (Zot:1)
  4 juggernauts
  3 royal mummies (Crypt:2)
  Parghit (Zot:3)
  Xtahua (Vaults:2)
  7 Killer Klowns
  Bai Suzhen (Spider:4)
  A curse toe (Zot:4)
  3 caustic shrikes (Depths:4)
  4 pandemonium lords
  Nikola (Elf:1)
  14 golden dragons
  2 bone dragons
  11 Brimstone Fiends (Pan)
  2 Tzitzimimeh (Pan)
  7 electric golems
  4 Hell Sentinels (Pan)
  36 tentacled monstrosities
  A shard shrike zombie (Crypt:3)
  2 Ice Fiends
  Rupert (D:15)
  26 Orb Guardians
  A walking crystal tome (Depths:2)
  2 deep elf blademasters
  A walking divine tome (Depths:3)
  8 liches
  A deep elf master archer (Elf:3)
  Asterion (Spider:2)
  11 quicksilver dragons
  A walking earthen tome (Depths:3)
  Gastronok (Lair:1)
  8 titans
  25 acid blobs
  10 sphinxes
  7 death cobs
  37 Executioners
  The ghost of iishen the Markscentaur, an adept CeHu of Okawaru (Spider:1)
  Agnes (D:14)
  The ghost of Meoqees the Peltast, an adept MiFi of Okawaru (Shoals:3)
  8 tengu reavers
  The ghost of sangerfol the Warrior, an adept FoFi of Hepliaklqana (Shoals:1)
  2 revenants (Crypt:2)
  12 tentacled starspawn (Abyss:3)
  10 storm dragons
  6 fenstrider witches
  12 demonspawn warmongers (Pan)
  18 shadow dragons
  Donald (Crypt:2)
  11 azure jellies
  6 protean progenitors (Pan)
  Aizul (Elf:2)
  The ghost of Ettath the Severer, a journeyman HOFi of Okawaru (Shoals:1)
  A nagaraja (Pan)
  8 rockslimes
  9 fire giants
  The ghost of Milo the Hermetic, a journeyman DrAl of Vehumet (Shoals:1)
  7 draconian monks
  2 emperor scorpions (Spider:3)
  17 frost giants
  10 draconian scorchers
  5 draconian shifters
  3 iron dragons (Depths:3)
  2 caustic shrike zombies (Crypt:3)
  9 draconian knights
  10 deep elf sorcerers
  15 ghost moths
  16 vault wardens
  18 balrugs
  4 orc warlords
  5 ghouls
  8 deep elf elementalists
  7 curse skulls
  34 cacodemons (Pan)
  11 demonspawn corrupters (Pan)
  12 demonspawn blood saints
  16 reapers
  16 stone giants
  10 draconian annihilators
  7 quicksilver oozes
  24 ironbound preservers
  2 spriggan defenders
  23 very ugly things
  8 juggernaut skeletons (Pan)
  6 formless jellyfish
  3 caustic shrike skeletons (Pan)
  8 vampire knights
  6 ironbound thunderhulks
  An elemental wellspring (Depths:2)
  17 black draconians
  12 green draconians
  3 deep elf demonologists
  2 eleionomae (Depths:2)
  4 lorocyprocas (Pan)
  15 purple draconians
  4 demonspawn black suns (Pan)
  9 deep elf annihilators
  A halazid warlock (Desolation)
  5 white draconians
  12 deep elf death magi
  12 spark wasps
  9 red draconians
  4 war gargoyles
  7 dire elephants
  4 merfolk javelineers (Shoals:4)
  13 ettins
  6 yellow draconians
  6 crystal guardians
  16 blizzard demons
  19 green deaths (Pan)
  A mummy priest (Crypt:3)
  The ghost of Vuirau the Carver, a journeyman DsGl of Okawaru (D:15)
  10 jiangshi
  2 quicksilver dragon zombies
  3 entropy weavers
  12 fire dragons
  11 eidola
  An entropy weaver (shapeshifter) (D:14)
  7 ragged hierophants (Desolation)
  15 merfolk impalers
  7 deep elf high priests (Elf:3)
  4 spriggan zombies
  8 yaktaur captains
  2 quicksilver dragon skeletons
  8 great orbs of eyes
  A hell beast (Pan)
  3 salamander tyrants (Depths:2)
  7 rakshasas
  10 peacekeepers
  8 ice dragons
  10 servants of whispers (Desolation)
  The ghost of runemasterragnar the Fighter, a journeyman MfGl of Xom (D:9)
  28 vault guards
  An ogre mage (D:15)
  10 ironbound frosthearts
  3 jorogumos
  12 centaur warriors
  A sphinx zombie (Crypt:1)
  A sphinx skeleton (Depths:1)
  6 two-headed ogres
  2 spriggan skeletons (Crypt:3)
  2 alligator snapping turtles
  A fenstrider witch skeleton (Abyss:1)
  4 spriggan air magi
  7 hydras
  13 merfolk aquamancers
  2 merfolk avatars (Shoals:4)
  3 radroaches
  35 dancing weapons
  A death knight (Crypt:2)
  A satyr (Abyss:3)
  9 deep troll shamans
  10 spriggan berserkers
  6 tengu warriors
  9 boulder beetles
  An occultist (Lair:5)
  A titan zombie (Crypt:3)
  A hell hog (Abyss:1)
  11 deep troll earth magi
  7 vampire magi
  30 soul eaters
  19 demonic crawlers
  4 orc high priests
  6 thrashing horrors
  The ghost of Luas the Destroyer, a novice TeFE of Vehumet (Lair:1)
  50 sun demons
  9 wretched stars
  6 iron trolls
  Sonja (Lair:4)
  15 deep elf knights
  11 hell knights
  5 skysharks
  A storm dragon skeleton (Vaults:5)
  3 hellephant skeletons (Pan)
  A fire crab (shapeshifter) (Abyss:1)
  5 pharaoh ants
  50 sixfirhies (Pan)
  3 skeletal warriors (Crypt:2)
  A titan skeleton (Vaults:5)
  12 sea snakes
  2 spatial maelstroms
  A death drake (shapeshifter) (Elf:2)
  3 bunyip zombies (Crypt:3)
  A spriggan druid (Depths:2)
  91 deep trolls
  4 glowing orange brains
  12 orb spiders
  6 swamp dragons
  2 bog bodies (Crypt:2)
  An orb spider (shapeshifter) (Depths:4)
  15 deep elf archers
  16 ironbound convokers
  16 shadow demons (Pan)
  2 bunyip skeletons (Crypt:1)
  A spriggan simulacrum (Crypt:1)
  2 anaconda skeletons (Crypt:3)
  13 flayed ghosts
  12 lindwurms
  2 arcanists
  A glowing orange brain (shapeshifter) (Depths:3)
  7 sun moths
  A steelbarb worm (shapeshifter) (Vaults:5)
  A tengu zombie (Vaults:5)
  20 necromancers
  10 steelbarb worms
  22 harpies
  4 orc knights
  An obsidian statue (Vaults:4)
  A goliath frog zombie (Crypt:1)
  58 large abominations
  A wolf spider zombie (D:15)
  20 wolf spiders
  A lightning spire (Zot:4)
  A golden dragon skeleton (Crypt:2)
  38 deep elf pyromancers
  27 deep elf zephyrmancers
  2 stone giant zombies (Crypt:3)
  13 phantasmal warriors
  9 shining eyes
  9 cyclopes
  2 shadow dragon skeletons
  35 ugly things
  5 oklob plants
  A faun (Shoals:2)
  5 merfolk sirens
  8 orc sorcerers
  26 elephants
  A salamander (shapeshifter) (D:15)
  3 worldbinders
  Joseph (D:7)
  20 manticores
  33 moths of wrath
  5 meliai
  2 dire elephant zombies
  A kobold blastminer (Orc:2)
  An apocalypse crab (Abyss:3)
  3 naga zombies (Crypt:3)
  6 black mambas
  A stone giant skeleton (Crypt:1)
  6 water nymphs
  20 vault sentinels
  7 centaur zombies (D:15)
  4 rust devils
  A torpor snail (shapeshifter) (Elf:2)
  35 smoke demons
  A water nymph (shapeshifter) (Depths:3)
  An eye of devastation (Pan)
  4 guardian serpents
  10 cane toads
  An ice statue (Vaults:4)
  5 torpor snails
  42 orange demons
  A titan simulacrum (Depths:1)
  8 unseen horrors
  An orb spider zombie (Crypt:1)
  A cane toad (shapeshifter) (D:12)
  4 hellions
  8 rime drakes
  20 yaktaurs
  A dire elephant skeleton (Crypt:1)
  3 guardian mummies (Crypt:3)
  14 komodo dragons
  6 efreet
  3 tengu conjurers
  2 dryads (Depths:2)
  3 kobold demonologists (D:10)
  3 tormentors (Pan)
  9 freezing wraiths
  2 golden dragon simulacra (Zot:1)
  3 red devils
  6 ancient zymes
  5 ice devils
  2 sea snake skeletons (Crypt:2)
  2 queen bees
  7 trolls
  3 harpy zombies
  A wind drake (Shoals:4)
  36 merfolk
  A shadow dragon simulacrum (Zot:1)
  7 starcursed masses
  3 catoblepas skeletons
  44 hellwings
  2 polar bears
  55 saltlings
  A hornet (shapeshifter) (Elf:2)
  16 raiju
  An elf zombie (Vaults:5)
  2 harpy skeletons
  5 hornets
  2 raiju (shapeshifter)
  28 tarantellas
  Prince Ribbit (Lair:1)
  28 blink frogs
  2 meliai zombies (D:15)
  5 glass eyes
  6 snapping turtles
  21 dream sheep
  A centaur simulacrum (D:13)
  An ettin skeleton (Crypt:1)
  2 air elementals
  32 water elementals
  17 culicivoras
  26 jumping spiders
  An ice dragon skeleton (Crypt:1)
  4 vampires
  3 shadows
  128 slime creatures
  2 spriggans
  8 wyverns
  A golden eye (shapeshifter) (Elf:1)
  4 wraiths
  21 ynoxinuls
  A black mamba skeleton (Crypt:3)
  58 yaks
  4 fire bats (D:9)
  21 golden eyes
  17 neqoxecs
  A yak (shapeshifter) (Vaults:5)
  5 humans (Zot:2)
  50 redbacks
  A green draconian simulacrum (Zot:1)
  3 vampire mosquitoes (D:14)
  5 fire elementals
  3 steam dragons
  A harpy simulacrum (Abyss:3)
  8 basilisks
  2 wargs (Orc:2)
  Edmund (D:6)
  24 chaos spawn
  The ghost of Rem the Insei, an amateur OpSh (D:3)
  2 human simulacra (Vaults:5)
  5 hell hounds
  7 spatial vortices
  An acid dragon (D:9)
  A glowing shapeshifter skeleton (Depths:1)
  13 water moccasins
  3 naga skeletons (Crypt:3)
  A deep troll skeleton (Abyss:1)
  31 orc warriors
  3 ice beasts
  3 sky beasts
  8 black bears
  A dream sheep zombie (Crypt:1)
  2 human zombies (Vaults:5)
  22 laughing skulls
  A hornet zombie (D:15)
  A black bear (shapeshifter) (Elf:2)
  A black mamba simulacrum (Crypt:1)
  A manticore zombie (Crypt:2)
  17 small abominations
  26 centaurs
  23 wolves
  11 ogres
  4 phantoms
  4 kobold brigands
  A vine stalker zombie (Crypt:1)
  A weeping skull (Abyss:1)
  16 bullfrogs
  5 brain worms
  3 gnoll sergeants
  A human skeleton (Vaults:5)
  6 earth elementals
  6 necrophages
  3 scorpions
  3 wights (D:7)
  7 wyvern skeletons (Crypt:3)
  41 killer bees
  A raiju skeleton (Crypt:2)
  A bombardier beetle (D:6)
  2 lava snakes (D:9)
  A crimson imp (Abyss:1)
  3 quasits (Abyss:3)
  A hound (D:4)
  A jelly (D:4)
  9 centaur skeletons
  2 gnoll boudas
  20 orc priests
  3 iron imps
  A sleepcap (D:7)
  2 iguanas
  27 orc wizards
  A hell rat (Lair:2)
  A boggart skeleton (D:15)
  11 adders
  24 gnolls
  4 white imps
  8 ufetubi
  An iguana zombie (Crypt:1)
  A dart slug (D:2)
  3 ribbon worms
  101 orcs
  4 bats
  A bat skeleton (Crypt:1)
  5 endoplasms
  4 giant cockroaches
  7 goblins
  4 hobgoblins
  3 jackals (D:2)
  5 quokkas
  3 ball pythons
  4 frilled lizards
  A frilled lizard zombie (Crypt:2)
  A hobgoblin skeleton (Crypt:2)
  20 kobolds
  6 rats
  An aspiring flesh (Pan)
  A ball lightning (Pan)
  A fire vortex (Pan)
  2 lurking horrors (Abyss:3)
  3 starspawn tentacles (Abyss:3)
3616 creatures vanquished.

Vanquished Creatures (collateral kills)
  An ancient lich (Crypt:3)
  2 orbs of fire (Zot:5)
  A Killer Klown (Zot:5)
  Jory (Crypt:2)
  A quicksilver dragon (Zot:5)
  A storm dragon (Zot:5)
  A halazid warlock (Desolation)
8 creatures vanquished.

Vanquished Creatures (others)
  An eldritch tentacle (Pan)
  A shadow dragon (Zot:1)
  A ghost moth (Abyss:3)
  A demonspawn corrupter (Pan)
  A white draconian (Zot:3)
  A radroach (Spider:3)
  2 occultists
  A sixfirhy (Pan)
  A slime creature (D:13)
  A deep elf zephyrmancer (Elf:2)
  A deep elf pyromancer (Elf:2)
  An arcanist (D:6)
  A large abomination (Pan)
  A dream sheep (Shoals:1)
  A jumping spider (Spider:4)
  A laughing skull (Abyss:3)
  A ball lightning (Pan)
  20 starspawn tentacles (Abyss:3)
38 creatures vanquished.

Grand Total: 3662 creatures vanquished

Notes
Turn   | Place    | Note
-------+----------+-------------------------------------------
     0 | D:1      | Hi5aMiFi the Ghoul Warper began the quest for the Orb.
     0 | D:1      | Reached XP level 1. HP: 17/17 MP: 3/3
   504 | D:1      | Reached skill level 1 in Armour
   621 | D:1      | Reached XP level 2. HP: 25/25 MP: 4/4
   830 | D:2      | Noticed a scorpion
  1150 | D:2      | Reached XP level 3. HP: 26/30 MP: 5/5
  1522 | D:2      | Killed a scorpion
  1523 | D:2      | Reached XP level 4. HP: 28/38 MP: 6/6
  1904 | D:3      | Found a runed translucent gate.
  1904 | D:3      | Noticed Rem's ghost (amateur OpSh)
  1908 | D:3      | Noticed an ice beast
  1914 | D:3      | Found a runed translucent gate.
  1914 | D:3      | Found a runed translucent gate.
  2112 | D:3      | Reached XP level 5. HP: 45/45 MP: 7/7
  2127 | D:3      | Identified the +8 flail "Orb Guardian's Regret" {speed,
                  | rPois Will+ Int+3}
  2460 | D:3      | Reached skill level 1 in Maces & Flails
  2906 | D:4      | Noticed a black bear
  2911 | D:4      | Killed a black bear
  2912 | D:4      | Reached XP level 6. HP: 52/52 MP: 8/8
  3615 | D:4      | Reached XP level 7. HP: 60/60 MP: 9/9
  3808 | D:5      | Entered Level 5 of the Dungeon
  4013 | D:5      | Reached skill level 1 in Evocations
  4146 | D:5      | Reached skill level 5 in Fighting
  4203 | D:5      | Found a staircase to the Ecumenical Temple.
  4257 | Temple   | Entered the Ecumenical Temple
  4283 | Temple   | Became a worshipper of Uskayaw the Reveller
  4379 | D:5      | Reached * piety under Uskayaw
  4429 | D:5      | Reached ** piety under Uskayaw
  4432 | D:5      | Reached XP level 8. HP: 68/68 MP: 10/10
  4800 | D:6      | Noticed Edmund
  4808 | D:6      | Killed Edmund
  4987 | D:6      | Reached skill level 5 in Maces & Flails
  5064 | D:6      | Reached *** piety under Uskayaw
  5066 | D:6      | Reached **** piety under Uskayaw
  5200 | D:6      | Reached skill level 5 in Armour
  5253 | D:6      | Found a bloodstained altar of Trog.
  5254 | D:6      | Noticed a wizard
  5260 | D:6      | Killed a wizard
  5685 | D:7      | Reached XP level 9. HP: 78/78 MP: 11/11
  5842 | D:7      | Noticed a hornet
  6084 | D:7      | Killed a hornet
  6444 | D:7      | Noticed Joseph
  6469 | D:7      | Killed Joseph
  7108 | D:8      | Reached XP level 10. HP: 86/86 MP: 12/12
  7153 | D:8      | Reached skill level 5 in Evocations
  7156 | D:8      | Identified the +1 scale mail "Jaroem Quel" {rElec rCorr
                  | SInv}
  7404 | D:8      | Reached skill level 1 in Invocations
  7407 | D:8      | Identified the +11 sling "Tatytun" {flame, Str+5}
  7510 | D:8      | Reached ***** piety under Uskayaw
  7869 | D:9      | Found a transporter.
  7869 | D:9      | Noticed runemasterragnar's ghost (journeyman MfGl)
  8011 | D:9      | Noticed a moth of wrath
  8044 | D:9      | Reached ****** piety under Uskayaw
  8443 | D:9      | Found a transporter.
  8550 | D:9      | Reached skill level 5 in Invocations
  8655 | D:9      | Reached XP level 11. HP: 77/95 MP: 14/14
  8953 | D:9      | Found a staircase to the Orcish Mines.
  9166 | D:10     | Entered Level 10 of the Dungeon
  9170 | D:10     | Noticed an orc sorcerer
  9189 | D:10     | Found a transporter.
  9246 | D:10     | Found a staircase to the Lair.
  9816 | D:10     | Found a transporter.
  9902 | D:10     | Found a snail-covered altar of Cheibriados.
 10249 | D:10     | Found Noad Jio's Weapon Shop.
 10640 | D:3      | Killed Rem's ghost
 10919 | D:11     | Noticed a two-headed ogre
 11119 | D:11     | Found a portal to a secret trove of treasure.
 11384 | D:11     | Killed a two-headed ogre
 11783 | Lair:1   | Entered Level 1 of the Lair of Beasts
 11954 | Lair:1   | Noticed Gastronok
 12013 | Lair:1   | Reached skill level 10 in Maces & Flails
 12603 | Lair:1   | Noticed Prince Ribbit
 12628 | Lair:1   | Reached XP level 12. HP: 77/105 MP: 18/18
 13113 | Lair:1   | Killed Prince Ribbit
 13286 | Lair:2   | Noticed a five-headed hydra
 13368 | Lair:2   | Killed a five-headed hydra
 13369 | Lair:2   | Reached skill level 10 in Fighting
 13544 | Lair:2   | Reached skill level 10 in Invocations
 14310 | Lair:2   | Reached XP level 13. HP: 79/113 MP: 20/20
 14594 | Lair:2   | Reached skill level 1 in Throwing
 16200 | Lair:3   | Found a hole to the Spider Nest.
 16567 | Lair:3   | Noticed a dire elephant
 16583 | Lair:3   | Killed a dire elephant
 16843 | Lair:3   | Found a staircase to the Shoals.
 16873 | Lair:3   | Reached skill level 10 in Armour
 17143 | Lair:4   | Noticed Sonja
 17155 | Lair:4   | Killed Sonja
 18050 | Lair:4   | Reached XP level 14. HP: 113/121 MP: 21/21
 18486 | Lair:5   | Entered Level 5 of the Lair of Beasts
 18877 | Lair:5   | Reached skill level 5 in Throwing
 20169 | Lair:5   | Reached skill level 1 in Shields
 20300 | Lair:5   | Noticed a dire elephant
 20319 | Lair:5   | Killed a dire elephant
 20575 | Lair:4   | Found a staircase to the Slime Pits.
 21615 | D:12     | Found Fewnaub's Jewellery Boutique.
 21635 | D:12     | Bought a ring of see invisible for 195 gold pieces
 21635 | D:12     | Bought a ring of willpower for 325 gold pieces
 22600 | D:12     | Reached XP level 15. HP: 130/130 MP: 24/24
 23651 | D:13     | Identified the +0 chain mail "Ecyne" {MP+9 Str+4}
 24333 | D:13     | Reached skill level 5 in Shields
 24602 | D:13     | Identified the +5 sling of the Fortifying Penguin {heavy,
                  | rPois rC++ Will-}
 24670 | D:13     | Found a sacrificial altar of Ru.
 26237 | D:14     | Noticed Agnes
 26389 | Orc:1    | Entered Level 1 of the Orcish Mines
 26641 | Orc:1    | Found a transporter.
 26729 | Orc:1    | Found a transporter.
 26754 | Orc:1    | Found a transporter.
 26754 | Orc:1    | Found a transporter.
 26759 | Orc:1    | Found a sparkling altar of Nemelex Xobeh.
 26759 | Orc:1    | Noticed a juggernaut
 26760 | Orc:1    | Found a transporter.
 26760 | Orc:1    | Found a transporter.
 26899 | Orc:2    | Entered Level 2 of the Orcish Mines
 26932 | Orc:2    | Noticed an orc warlord
 26951 | Orc:2    | Killed an orc warlord
 26986 | Orc:2    | Noticed an orc warlord
 26993 | Orc:2    | Killed an orc warlord
 27197 | Orc:2    | Found a staircase to the Elven Halls.
 27656 | Orc:2    | Noticed an orc warlord
 27662 | Orc:2    | Killed an orc warlord
 27713 | Orc:2    | Found Qebul's Weapon Boutique.
 28702 | Orc:2    | Reached XP level 16. HP: 141/141 MP: 26/26
 28804 | Orc:2    | Found Virechur's General Store.
 28805 | Orc:2    | Found Rirch's Book Emporium.
 28850 | Orc:2    | Found Fyukkid's Antique Armour Emporium.
 28851 | Orc:2    | Found Ruzatiz's Antique Weapon Shoppe.
 28868 | Orc:2    | Bought steaming fire dragon scales for 1625 gold pieces
 28868 | Orc:2    | Identified the +1 fire dragon scales "Cacekal" {rPois rF++
                  | rC- Str-3 Int+2} (You bought it in a shop on level 2 of the
                  | Orcish Mines)
 28876 | Orc:2    | Bought a +2 helmet of intelligence for 344 gold pieces
 28876 | Orc:2    | Bought a scroll of torment for 152 gold pieces
 29530 | Lair:5   | Found a burning altar of Makhleb.
 29812 | Lair:5   | Found a gateway to Hell.
 30009 | Spider:1 | Entered Level 1 of the Spider Nest
 30787 | Spider:1 | Found a runed translucent door.
 30788 | Spider:1 | Noticed iishen's ghost (adept CeHu)
 31446 | Spider:1 | Killed iishen's ghost
 31949 | Spider:2 | Noticed Asterion
 31962 | Spider:2 | Killed Asterion
 32484 | Spider:2 | Reached skill level 15 in Invocations
 34033 | Spider:3 | Reached skill level 10 in Shields
 34731 | Spider:3 | Reached XP level 17. HP: 79/151 MP: 0/28
 36839 | Spider:4 | Entered Level 4 of the Spider Nest
 38334 | Spider:4 | Noticed Bai Suzhen
 38337 | Spider:4 | Killed Bai Suzhen
 39119 | Spider:4 | Got the Precepts of the Deep Freeze
 39313 | Spider:4 | Got a gossamer rune of Zot
 39316 | Spider:4 | Identified the +3 pair of boots of the Wary Knaves {Will+
                  | MP+9 Slay+2}
 39632 | Lair:1   | Found a runed translucent gate.
 39632 | Lair:1   | Found a runed translucent gate.
 39632 | Lair:1   | Found a runed translucent gate.
 39632 | Lair:1   | Noticed Luas's ghost (novice TeFE)
 39773 | Lair:1   | Killed Gastronok
 39774 | Lair:1   | Reached skill level 15 in Fighting
 39860 | Lair:1   | Killed Luas's ghost
 39952 | Shoals:1 | Entered Level 1 of the Shoals
 40022 | Shoals:1 | Reached XP level 18. HP: 163/163 MP: 29/29
 40792 | Shoals:1 | Found a runed translucent gate.
 40792 | Shoals:1 | Found a runed translucent gate.
 40792 | Shoals:1 | Found a runed translucent gate.
 40792 | Shoals:1 | Noticed sangerfol's ghost (adept FoFi)
 40792 | Shoals:1 | Noticed Milo's ghost (journeyman DrAl)
 40793 | Shoals:1 | Noticed Ettath's ghost (journeyman HOFi)
 42920 | Shoals:3 | Found a runed translucent door.
 42920 | Shoals:3 | Noticed Meoqees's ghost (adept MiFi)
 43632 | Shoals:3 | Killed Meoqees's ghost
 43633 | Shoals:3 | Reached skill level 5 in Dodging
 43683 | Shoals:4 | Entered Level 4 of the Shoals
 44926 | Shoals:4 | Reached XP level 19. HP: 170/170 MP: 30/30
 45001 | Shoals:4 | Reached skill level 15 in Shields
 45040 | Shoals:4 | Got a barnacled rune of Zot
 45989 | D:9      | Killed runemasterragnar's ghost
 46722 | D:14     | Killed Agnes
 46835 | D:14     | Found a gate to the Vaults.
 46930 | D:15     | Entered Level 15 of the Dungeon
 47036 | Vaults:1 | Entered Level 1 of the Vaults
 47036 | Vaults:1 | Found Geacsona's General Store.
 48682 | Vaults:1 | Found Hygh's Distillery.
 48691 | Vaults:1 | Bought a potion of heal wounds for 95 gold pieces
 48691 | Vaults:1 | Bought a potion of heal wounds for 95 gold pieces
 48695 | Vaults:1 | Found Joofief's Magic Scroll Shop.
 48698 | Vaults:1 | Bought a scroll of fear for 80 gold pieces
 48975 | Vaults:1 | Found Ongihum's Book Boutique.
 49180 | Vaults:2 | Reached skill level 15 in Armour
 49267 | Vaults:2 | Found a crumbling gateway.
 49392 | Desolati | Entered the Desolation of Salt
 49466 | Desolati | Reached XP level 20. HP: 101/178 MP: 32/32
 49725 | Desolati | Identified the +1 helmet of Amyterr {Harm Rampage *Corrode
                  | Fly}
 49726 | Desolati | Identified the +2 spear "Fyniur" {spect, Int+2}
 49734 | Desolati | Identified the +6 chain mail of Hiujorr {rPois}
 50240 | Desolati | Identified the amulet of the Clam {^Drain rF+++ Regen+
                  | Str+3}
 50457 | Desolati | Got the Compilation of Objectivity
 50465 | Desolati | Identified the +2 helmet "Gaobethu" {*Slow rElec Str+5}
 50687 | Desolati | Got the Elucidation of the Excruciating Curse
 50688 | Desolati | Identified the +7 short sword of Jyborote {freeze, rC+
                  | Will+ Str-4}
 51524 | Vaults:2 | Got the Excursus on Obstruction and Command
 51803 | Vaults:2 | Noticed Xtahua
 51821 | Vaults:2 | Killed Xtahua
 52496 | Vaults:3 | Noticed a bone dragon
 52533 | Vaults:3 | Killed a bone dragon
 52581 | Vaults:3 | Found a staircase to the Crypt.
 52662 | Vaults:3 | Reached XP level 21. HP: 165/188 MP: 33/33
 52882 | Vaults:3 | Identified the +0 chain mail of the Dragon {rPois Int+3}
 53972 | Vaults:4 | Found a gateway to a bazaar.
 54017 | Bazaar   | Entered a bazaar
 54017 | Bazaar   | Found Zeguas's Jewellery Shoppe.
 54017 | Bazaar   | Found Unuluddiwn's Assorted Antiques.
 54019 | Bazaar   | Found Tutor's Antique Armour Shoppe.
 54019 | Bazaar   | Found Yhunefuth's Magic Scroll Boutique.
 54063 | Bazaar   | Bought a scroll of blinking for 52 gold pieces
 54079 | Bazaar   | Bought a scroll of revelation for 52 gold pieces
 54079 | Bazaar   | Bought a scroll of enchant armour for 52 gold pieces
 54087 | Bazaar   | Bought the ring of the Final Chapter {Str+7 Dex+6} for 750
                  | gold pieces
 54087 | Bazaar   | Bought a ring of resist corrosion for 260 gold pieces
 54098 | Bazaar   | Bought 2 scrolls of revelation for 300 gold pieces
 54101 | Bazaar   | Bought a scroll of silence for 66 gold pieces
 54101 | Bazaar   | Bought a scroll of teleportation for 21 gold pieces
 55915 | Elf:1    | Entered Level 1 of the Elven Halls
 55915 | Elf:1    | Noticed Nikola
 55931 | Elf:1    | Killed Nikola
 56378 | Elf:1    | Identified the +5 spear of the Vanishing Songs {speed,
                  | rElec rN+++ Will+ Str-4}
 56760 | Vaults:1 | Bought a scroll of enchant armour for 150 gold pieces
 57182 | D:11     | You paid a toll of +4 fire dragon scales to enter a
                  | treasure trove
 57183 | Trove    | Entered a treasure trove
 57188 | Trove    | Identified the +1 fire dragon scales "Caur" {rF++ rC- Str+3
                  | Dex+3}
 57191 | Trove    | Identified the +1 animal skin of the Ego {Regen+ Dex+5}
 57198 | Trove    | Identified the +1 storm dragon scales of the Eternal Fruit
                  | {rElec Str+2}
 57426 | Elf:1    | Found Plog's Jewellery Shop.
 58164 | Elf:2    | Identified the serpent talisman of the Arcadian Kangaroo
                  | {rN+ Str+2}
 58164 | Elf:2    | Noticed Aizul
 58187 | Elf:2    | Killed Aizul
 58188 | Elf:2    | Reached XP level 22. HP: 188/200 MP: 35/35
 58308 | Elf:2    | Found Hywnuyh's Armour Shop.
 58308 | Elf:2    | Found Feutupyo's Jewellery Boutique.
 58771 | Elf:2    | Found a runed translucent gate.
 58771 | Elf:2    | Found a runed translucent gate.
 58771 | Elf:2    | Found a runed translucent gate.
 58847 | Elf:2    | Got Sif Muna's Annotations on the Friendly Vector
 59734 | Elf:3    | Entered Level 3 of the Elven Halls
 59903 | Elf:3    | Found Idaunn's Book Shop.
 59903 | Elf:3    | Found Ollatip's Jewellery Emporium.
 59904 | Elf:3    | Found Ifrosant's Jewellery Emporium.
 60199 | Elf:3    | Paralysed by an air elemental for 1 turns
 60204 | Elf:3    | Paralysed by an air elemental for 1 turns
 60758 | Elf:3    | Identified the +3 scimitar of Ehaobauq {heavy, rF- Int+6
                  | Stlth+}
 60758 | Elf:3    | Identified the +0 robe of Gallantry {Str+3 Dex+3}
 60833 | Elf:3    | Identified the +1 scimitar "Killer Bee's Bane" {drain, rC-
                  | Int+4}
 61294 | Elf:3    | Identified the +9 short sword of Inconvenience {freeze,
                  | +Blink rN+}
 61449 | Elf:3    | Identified the +3 arbalest of the Glimmering Gods {heavy,
                  | Int+3}
 61742 | Elf:3    | Identified the +6 battleaxe of Impatience {flame, rElec
                  | Dex+3}
 62287 | Elf:3    | Identified the +0 ring mail of Muttered Phrases {Int+2
                  | Dex+2}
 62991 | Crypt:1  | Entered Level 1 of the Crypt
 63197 | Crypt:1  | Reached XP level 23. HP: 211/211 MP: 37/37
 63208 | Crypt:1  | Identified the +3 war axe of the Piercing Salmon {venom,
                  | Int+4}
 64117 | Crypt:2  | Noticed Jory
 64139 | Crypt:2  | Killed Jory
 64217 | Crypt:2  | Noticed Donald
 64230 | Crypt:2  | Killed Donald
 64235 | Crypt:2  | Killed the ghostly Donald
 64742 | Crypt:2  | Noticed Khufu
 64743 | Crypt:2  | Noticed a royal mummy
 64761 | Crypt:2  | Killed a royal mummy
 64777 | Crypt:2  | Killed Khufu
 64786 | Crypt:2  | Noticed a royal mummy
 64812 | Crypt:2  | Killed a royal mummy
 64916 | Crypt:2  | Noticed a royal mummy
 64931 | Crypt:2  | Killed a royal mummy
 65207 | Crypt:3  | Entered Level 3 of the Crypt
 65355 | Crypt:3  | Identified the +7 short sword of Dismay {vamp, rPois}
 66224 | Crypt:3  | Found a staircase to the Tomb.
 67142 | Crypt:3  | Found an ancient bone altar of Kikubaaqudgha.
 67484 | Crypt:3  | Reached XP level 24. HP: 222/222 MP: 37/37
 67566 | Crypt:3  | Noticed an ancient lich
 67578 | Crypt:3  | Killed an ancient lich
 67579 | Crypt:3  | Identified the +0 leather armour of Proximity {Fly}
 67670 | Crypt:3  | Identified the +3 chain mail of a Gauntlet {rF+ Str-2 Int+5
                  | Dex-4}
 67671 | Crypt:3  | Identified the staff of Duanampo {rElec Int+3 Air}
 67671 | Crypt:3  | Identified the death talisman "Vonebeev" {Will+ Dex+3 SInv
                  | Stlth+}
 68199 | D:15     | Found a staircase to the Depths.
 68269 | D:15     | Noticed Rupert
 68288 | D:15     | Killed Rupert
 68306 | D:15     | Found a transporter.
 68309 | D:15     | Found a transporter.
 68310 | D:15     | Noticed Vuirau's ghost (journeyman DsGl)
 68736 | D:15     | Found the +9 sword of Zonguldrok {reap}
 69082 | D:15     | Killed Vuirau's ghost
 69091 | D:15     | Identified the +2 pair of boots of Okawaru, Riding {rF+
                  | Will+ Stlth+}
 69175 | Depths:1 | Entered Level 1 of the Depths
 70168 | Depths:1 | Found a one-way gate to the infinite horrors of the Abyss.
 70479 | Depths:2 | Identified the +8 shortbow of Death {freeze, rF+++ Dex-5
                  | SInv Stlth+}
 70508 | Depths:2 | Noticed a juggernaut
 70513 | Depths:2 | Killed a juggernaut
 70514 | Depths:2 | Reached skill level 10 in Throwing
 71032 | Orc:1    | Killed a juggernaut
 71295 | Shoals:1 | Killed Ettath's ghost
 71308 | Shoals:1 | Killed sangerfol's ghost
 72092 | Shoals:1 | Killed Milo's ghost
 72451 | Depths:2 | Found a one-way gate leading to the halls of Pandemonium.
 72644 | Depths:2 | Noticed Mara
 72651 | Depths:2 | Noticed Hi5aMiFi's illusion
 72689 | Depths:2 | Noticed Hi5aMiFi's illusion
 72696 | Depths:2 | Killed Mara
 73158 | Depths:2 | Reached XP level 25. HP: 222/231 MP: 38/38
 73212 | Depths:2 | Found the +3 giant club "Skullcrusher" {speed, Str+7}
 73471 | Depths:2 | Reached skill level 10 in Evocations
 74359 | Depths:3 | Found Tatait's Jewellery Shoppe.
 74405 | Depths:3 | Found a one-way gateway to a ziggurat.
 74730 | Depths:3 | Noticed a juggernaut
 74756 | Depths:3 | Killed a juggernaut
 75137 | Depths:3 | Identified the ring of the Peasants {rPois Int+6 Dex+2}
 75483 | Depths:3 | Noticed an ancient lich
 75603 | Depths:3 | Killed an ancient lich
 75912 | Depths:3 | Identified the +11 war axe "Peacw" {speed, rPois rN+ Str-5}
 75974 | Depths:3 | Noticed a juggernaut
 75991 | Depths:3 | Killed a juggernaut
 76195 | Depths:3 | Reached XP level 26. HP: 219/240 MP: 36/38
 76465 | Depths:3 | Found a corrupted altar of Lugonu.
 76650 | Depths:4 | Entered Level 4 of the Depths
 76792 | Depths:4 | Found a runed translucent door.
 77809 | Depths:4 | Noticed an ancient lich
 77809 | Depths:4 | Noticed Peitt's ghost (veteran BaIE)
 78063 | Depths:4 | Found a gate to the Realm of Zot.
 78523 | Elf:2    | Bought a +4 ring of slaying for 1482 gold pieces
 78898 | Vaults:1 | Bought a potion of curing for 57 gold pieces
 78898 | Vaults:1 | Bought a potion of curing for 57 gold pieces
 78898 | Vaults:1 | Bought a potion of cancellation for 152 gold pieces
 79034 | Vaults:5 | Entered Level 5 of the Vaults
 79062 | Vaults:5 | Got a silver rune of Zot
 79105 | Vaults:5 | Identified the +1 whip "Misk" {elec, *Noise rPois rC++
                  | Dex-2}
 79108 | Vaults:5 | Identified the +7 flail of Ru's Favour {protect, rN+}
 79890 | Vaults:5 | Noticed an ancient lich
 79910 | Vaults:5 | Killed an ancient lich
 80346 | Vaults:5 | Reached XP level 27. HP: 224/250 MP: 39/39
 80415 | Vaults:5 | Identified the staff of Superiority {^Contam rC+++ MP+9
                  | Int-3 Conj}
 80832 | Vaults:5 | Identified the +0 plate armour of Duty {rN+ Regen+ Stlth-}
 81477 | Slime:1  | Entered Level 1 of the Pits of Slime
 83494 | Slime:5  | Entered Level 5 of the Pits of Slime
 83908 | Slime:5  | Noticed the Royal Jelly
 83948 | Slime:5  | Found a viscous altar of Jiyva.
 84066 | Slime:5  | Killed the Royal Jelly
 84741 | Slime:5  | Identified the +0 leather armour of Subjectivity {Dex+4}
 84756 | Slime:5  | Identified the +2 helmet "Doemat" {^Contam Harm rElec SInv}
 84761 | Slime:5  | Identified the ring of Boifu {Fly rF+ rN+ Will- Dex+6}
 84794 | Slime:5  | Got the Handbook of Volatile Hexes
 84797 | Slime:5  | Identified the +1 long sword of Objectivity {vamp, Will+
                  | Int+5}
 84809 | Slime:5  | Identified the +7 hand axe of Outrage {venom, rElec rPois
                  | Dex-2 SInv}
 84832 | Slime:5  | Identified the +3 shortbow of the Sun {speed, rC+ rCorr}
 84862 | Slime:5  | Got a slimy rune of Zot
 84882 | Slime:5  | Identified the amulet "Fingua" {Faith Str+2 Dex+5}
 84886 | Slime:5  | Identified the amulet "Wavong" {RegenMP Str+3}
 86310 | Zot:1    | Entered Level 1 of the Realm of Zot
 86524 | Zot:1    | Found the +4 dragonskin cloak
 86524 | Zot:1    | Noticed Tiamat
 86537 | Zot:1    | Killed Tiamat
 86894 | Zot:1    | Identified the ring of Abstinence {Ice rElec Dex+3}
 86894 | Zot:1    | Noticed Josephina
 86922 | Zot:1    | Killed Josephina
 86971 | Zot:1    | Noticed an orb of fire
 86982 | Zot:1    | Killed an orb of fire
 89839 | Zot:2    | Reached skill level 15 in Throwing
 90384 | Zot:3    | You fall into a shaft and drop 1 floor!
 90602 | Zot:4    | Noticed an orb of fire
 90606 | Zot:4    | Killed an orb of fire
 91565 | Zot:3    | Noticed Parghit
 91599 | Zot:3    | Killed Parghit
 92905 | Depths:3 | Voluntarily entered the Abyss.
 93461 | Abyss:1  | Found a corrupted altar of Lugonu.
 93877 | Abyss:2  | Found a corrupted altar of Lugonu.
 94156 | Abyss:3  | Found a corrupted altar of Lugonu.
 94385 | Abyss:3  | Got an abyssal rune of Zot
 94753 | Depths:3 | Escaped the Abyss
 95068 | Orc:2    | Bought a potion of curing for 48 gold pieces
 95068 | Orc:2    | Bought a scroll of vulnerability for 64 gold pieces
 95386 | Vaults:1 | Bought a scroll of immolation for 80 gold pieces
 95386 | Vaults:1 | Bought a scroll of teleportation for 60 gold pieces
 95560 | Pan      | Entered Pandemonium
 95782 | Pan      | Entered the realm of Gloorx Vloq.
 95786 | Pan      | Identified the +10 shortbow of Eceul {heavy, rC+ Str+4}
 96729 | Pan      | Noticed Ignacio
 96749 | Pan      | Killed Ignacio
 96761 | Pan      | Identified the +5 great mace "Fudootz" {holy, rC+ rCorr
                  | SInv}
 97612 | Pan      | Reached skill level 27 in Invocations
 97750 | Pan      | Noticed Gloorx Vloq
 97751 | Pan      | Killed Gloorx Vloq
 98045 | Pan      | Got a dark rune of Zot
 98290 | Pan      | Entered the realm of Lom Lobon.
 98600 | Pan      | Found an exit through the horrors of the Abyss.
 98645 | Pan      | Identified the ring "Heazoub" {rF+ rN+}
 99369 | Pan      | Noticed Lom Lobon
 99415 | Pan      | Killed Lom Lobon
 99787 | Pan      | Got a magical rune of Zot
100098 | Pan      | Noticed Meelaits the pandemonium lord
100100 | Depths:2 | Escaped Pandemonium
100214 | Pan      | Entered Pandemonium
100468 | Pan      | Found an exit through the horrors of the Abyss.
100538 | Pan      | Noticed Pogaud the pandemonium lord
100558 | Pan      | Killed Pogaud the pandemonium lord
102350 | Pan      | Found an exit through the horrors of the Abyss.
102502 | Pan      | Noticed Soiweez the pandemonium lord
102512 | Pan      | Killed Soiweez the pandemonium lord
102524 | Pan      | Got a demonic rune of Zot
103359 | Pan      | Identified the +4 short sword of Disorder {heavy, Fly
                  | rElec}
103406 | Pan      | Found an exit through the horrors of the Abyss.
103536 | Pan      | Entered the realm of Mnoleg.
104138 | Pan      | Noticed Mnoleg
106244 | Pan      | Killed Mnoleg
106283 | Pan      | Got a glowing rune of Zot
106380 | Pan      | Reached skill level 27 in Fighting
106395 | Pan      | Entered the realm of Cerebov.
106397 | Pan      | Identified the +7 trident of Riegrih {drain, rN+}
106445 | Pan      | Identified the +9 great sword of the Final Decision {vamp,
                  | ^Fragile rPois rF+}
106464 | Pan      | Identified the ring "Xiuthem" {rPois MP+9 Dex+2}
106470 | Pan      | Identified the +8 lajatang "Vuumurph" {heavy, Str+4}
106471 | Pan      | Identified the +9 quarterstaff of the Ten Souls {heavy,
                  | rPois Dex+2}
106472 | Pan      | Identified the +11 hand axe "Jelly's Undoing" {venom, MP+9}
106477 | Pan      | Identified the +0 buckler of the Stopping Gods {rC+}
106646 | Pan      | Found the +6 sword of Cerebov {flame}
106646 | Pan      | Noticed Cerebov
106696 | Pan      | Killed Cerebov
106705 | Pan      | Identified the +12 orcbow "Athrergh" {speed, Dex+2}
106983 | Pan      | Got a fiery rune of Zot
107194 | Pan      | Identified the +0 pair of gloves of Loss {Rampage Str+2
                  | Int-4 Dex+2}
107208 | Pan      | Identified the +0 chain mail of Nago {Int+4}
107210 | Pan      | Identified the +2 lajatang of Hacking and Slashing {heavy,
                  | rF+ Str+3 Dex+2}
107213 | Pan      | Identified the +9 orcbow of Fedhas {flame, rF+}
107716 | Pan      | Found an exit through the horrors of the Abyss.
107740 | Pan      | Found an exit through the horrors of the Abyss.
107741 | Pan      | Found an exit through the horrors of the Abyss.
107744 | Pan      | Found an exit through the horrors of the Abyss.
108180 | Pan      | Found a transporter.
108334 | Pan      | Noticed Osodd the pandemonium lord
108365 | Pan      | Killed Osodd the pandemonium lord
108949 | Pan      | Found an exit through the horrors of the Abyss.
109025 | Pan      | Took an exit into the Abyss.
109025 | Abyss:3  | Escaped into the Abyss
109067 | Abyss:3  | Noticed an ancient lich
109082 | Abyss:3  | Killed an ancient lich
109282 | Depths:2 | Escaped the Abyss
109442 | Zot:5    | Entered Level 5 of the Realm of Zot
109476 | Zot:5    | Found Qinam's CLEARANCE SALE!.
109479 | Zot:5    | Bought a scroll of teleportation for 9 gold pieces
109781 | Zot:5    | Identified the staff of Laifer {*Slow rPois rN+ Int+3
                  | Alchemy}
109843 | Zot:5    | Noticed an ancient lich
109863 | Zot:5    | Noticed an ancient lich
109865 | Zot:5    | Killed an ancient lich
109886 | Zot:5    | Killed an ancient lich
109903 | Zot:5    | Noticed an orb of fire
109908 | Zot:5    | Killed an orb of fire
109908 | Zot:5    | Noticed an orb of fire
109921 | Zot:5    | Noticed an orb of fire
109925 | Zot:5    | Killed an orb of fire
109944 | Zot:5    | Killed an orb of fire
110024 | Zot:5    | Noticed an orb of fire
110035 | Zot:5    | Killed an orb of fire
110036 | Zot:5    | Reached skill level 27 in Shields
110126 | Zot:5    | Noticed a dread lich
110140 | Zot:5    | Killed a dread lich
110222 | Zot:5    | Reached skill level 27 in Armour
110293 | Zot:5    | Noticed an orb of fire
110313 | Zot:5    | Killed an orb of fire
110313 | Zot:5    | Noticed an orb of fire
110316 | Zot:5    | Noticed a dread lich
110325 | Zot:5    | Noticed a dread lich
110328 | Zot:5    | Noticed an ancient lich
110606 | Zot:5    | Killed a dread lich
110811 | Zot:5    | Killed a dread lich
111188 | Zot:5    | Killed an ancient lich
111226 | Zot:5    | Killed an orb of fire
111261 | Zot:5    | Got the Orb of Zot
111346 | Zot:1    | Noticed Cacwyom the pandemonium lord
111410 | Depths:2 | Noticed Datzeil the pandemonium lord
111421 | Depths:2 | Killed Datzeil the pandemonium lord
111760 | D:$      | Escaped with the Orb!

Illustrated notes

Levels and vault maps discovered:
D:1:      dpeg_arrival_lava_altar, layout_loops_ring,
          chequers_serial_rivers_micro_a
D:2:      layout_loops_cross
D:3:      layout_basic, gammafunk_ghost_split
D:4:      layout_gridville, hangedman_feature_mirror
D:5:      layout_loops_cross, minmay_temple_entry_proselytizer
D:6:      layout_loops_ring, trog_wizard, serial_rivers,
          chequers_serial_rivers_room_b, chequers_serial_rivers_room_a,
          chequers_serial_rivers_small_a, chequers_serial_rivers_micro_c,
          chequers_serial_rivers_room_b, uniq_edmund
D:7:      layout_basic, grunt_tough_drop, uniq_joseph
D:8:      cheibrodos_quashed, layout_loops_ring
D:9:      layout_long_grid, hiddenorc1_lemuel,
          gammafunk_ghost_berserking_beasts, st_stairs_3, hangedman_incinerator
D:10:     gammafunk_wand_slinger, layout_layer_cave, mainiacjoe_overflow_paths,
          david_lair_generic, serial_shops, nicolae_shop_waterfront
D:11:     layout_irregular_city, nicolae_trove_entry_crossroad, st_stairs_1
D:12:     minmay_clustersquares, layout_basic, serial_shops, shop
D:13:     layout_roguey, nicolae_ru_the_path_less_chosen
D:14:     layout_long_grid, hellmonk_vaults_attempted_burglary,
          minmay_hedge_maze, minmay_sticks_and_stones, uniq_agnes
D:15:     hangedman_depths_entry_civil_slaughter, layout_loops_ring,
          chequers_jeans, gammafunk_ghost_hive, minivault_25,
          nicolae_concentric_dashed_squares_wild, minmay_door_square,
          minmay_guarded_unrand_zonguldrok, uniq_rupert
Temple:   mainiacjoe_temple_cubbyholes
Lair:1:   layout_regular_city, ebering_ghost_rock_garden, grunt_megastairs_5,
          uniq_gastronok, uniq_prince_ribbit2
Lair:2:   regret_index_harrowing_hell_hive, layout_misc_corridors
Lair:3:   nzn_winding_woodlands_stair_trap [nzn_winding_woodlands_5x15_eye,
          nzn_winding_woodlands_5x15_lazy_stream,
          nzn_winding_woodlands_5x15_sidewinder,
          nzn_winding_woodlands_15x15_boxy_spiral,
          nzn_winding_woodlands_5x15_river_crossing,
          nzn_winding_woodlands_5x15_zeroes,
          nzn_winding_woodlands_5x15_crooked], layout_chaotic_city,
          minmay_shoals_entry_hut, spider_nest_entry_web_field
Lair:4:   layout_cave_pods, minmay_slime_entry_oklob_enclosed,
          beast_lair_carwin_2, uniq_sonja
Lair:5:   evil_forest, layout_cave_pods, kennysheep_basilisk_garden
Shoals:1: layout_shoals, gammafunk_ghost_cemetery, centaur_isle
Shoals:2: layout_shoals
Shoals:3: layout_shoals, ebering_ghost_reflecting_pool
Shoals:4: shoals_end_grunt_ice, layout_shoals
Spider:1: layout_spider_delve, gammafunk_ghost_grave, drop_trap,
          nicolae_spider_twisty_arc_passages
Spider:2: layout_spider_delve, uniq_asterion
Spider:3: layout_spider_delve
Spider:4: grunt_spider_rune_island, nicolae_spider_nooks_and_crannies,
          uniq_bai_suzhen
Slime:1:  layout_caves
Slime:2:  layout_caves, nicolae_slime_rock_hall_of_fame
Slime:3:  layout_caves, cheibrodos_slime_lost_civilization_6
Slime:4:  layout_caves
Slime:5:  slime_pit_nicolae_jellycorners
Orc:1:    layout_caves, hellmonk_jugg_or_not
Orc:2:    st_orc_congregation, layout_diamond_mine, serial_shops,
          nicolae_shop_bloodbath_and_beyond, blackcustard_mines_bat_river
Elf:1:    minmay_elf_arrival_circle, layout_geoelf_diagonals,
          serial_corexii_hall, corexii_hall_statues_x,
          chequers_hall_statues_wall_a, hangedman_elven_crosses_minicolossus,
          nrook_mini_backslash, nicolae_take_the_stairs, uniq_nikola
Elf:2:    nicolae_elf_blades_splatter_lattice [nicolae_blade_lattice],
          layout_loops_corners, minmay_shoptagon, uniq_aizul
Elf:3:    minmay_elf_hall_x, layout_geoelf_castle, minmay_shop_grove
Vaults:1: nicolae_vaults_little_squares_4, grunt_vaults_swirl,
          nicolae_vaults_closet_pinwheel_2, nicolae_vaults_storage_room_doors,
          nicolae_vaults_tetromino_L_2, vaults_room_pools,
          vaults_dpeg_encased_lava, vaults_room_octagon,
          ontoclasm_vaults_ring_square, vaults_room_corners, vaults_dpeg_ring,
          layout_vaults_quadrants, serial_shops, shop, shop,
          nicolae_shop_industrial_runoff, nicolae_shop_behind_doors
Vaults:2: portal_desolation_entry_salt, nicolae_vaults_what_the_h,
          hangedman_vaults_capsules, nicolae_vaults_security_offices_2,
          v_misc_16, serial_ice_g, nicolae_vaults_twisting_passages,
          hangedman_vaults_slice, hangedman_vaults_slither,
          nicolae_vaults_stepped_doors, vaults_room_semicircle,
          nicolae_vaults_storage_room_glass, layout_vaults_omnicross,
          uniq_xtahua
Vaults:3: v_misc_5, minmay_crypt_entry_nasty_monster, grunt_vaults_hallway_long,
          nicolae_vaults_offset_grid_hallway_4, v_pattern_1,
          nicolae_vaults_little_squares_5, nicolae_vaults_network_periphery,
          hangedman_vaults_river_flow, v_misc_22, grunt_vaults_hallway_short,
          hangedman_vaults_stream, nicolae_vaults_turnstiles,
          nicolae_vaults_little_squares_6, nicolae_vaults_whirlpool_walls,
          layout_vaults_maze
Vaults:4: ontoclasm_vaults_eye, v_rooms_1, v_misc_2,
          nicolae_vaults_tetromino_Z_1, v_pattern_3,
          nicolae_vaults_statue_guard, vaults_dpeg_diagonal,
          layout_vaults_chaotic_city, serial_shops, statue_bzr
Vaults:5
Crypt:1:  layout_misc_corridors, due_unseen_surprise,
          roderic_lattice_octagonal_star
Crypt:2:  layout_chaotic_city, uniq_jory, uniq_donald, uniq_khufu
Crypt:3:  evilmike_haunted_forest
Depths:1: minmay_open_boxes_in_corner, layout_cave_pools,
          amcnicky_mini_pool_small, abyss_entry_small_statue_room, hell_entry,
          kennysheep_cross_room, minmay_starry_boxes
Depths:2: nicolae_terramorphic_expanse [nicolae_terramorphic_quarter,
          nicolae_terramorphic_quarter, nicolae_terramorphic_quarter,
          nicolae_terramorphic_quarter, nicolae_terramorphic_quarter,
          nicolae_terramorphic_biome, nicolae_terramorphic_biome,
          nicolae_terramorphic_biome, nicolae_terramorphic_biome],
          layout_honeycomb, nicolae_two_hexagons, pan_entry, abyss_entry,
          hell_entry, minmay_checkered_concentric_circles, uniq_mara
Depths:3: minmay_octagon_city, layout_cave_pools, enter_ziggurat_e, hell_entry,
          abyss_entry_flame_altar, serial_shops, nicolae_shop_gaudy_bauble,
          zin_academy
Depths:4: grunt_zot_entry_gee_three, layout_basic, pf_hell_entry_great_geh,
          ebering_ghost_inner_flame, minmay_misc_feat_cross, bh_walls_and_bars
Zot:1:    layout_cathedral_of_symmetry, zot_minivault_2, grunt_megastairs_1,
          uniq_josephina, uniq_tiamat
Zot:2:    circus_mu, layout_misc_corridors, hangedman_zot_decor_tridents,
          guppyfry_library_mini
Zot:3:    layout_concentric_octagons, uniq_parghit
Zot:4:    layout_misc_corridors, amethyst_zot_foddershock, grunt_megastairs_2
Zot:5:    layout_misc_corridors, nicolae_shop_clearance

Skill      XL: |  1  2  3  4  5  6  7  8  9 10 11 12 13 14 15 16 17 18 19 20 21 22 23 24 25 26 27 |
---------------+----------------------------------------------------------------------------------+-----
Armour         | 1 2 3 4 5 6 7 9 10 11 12 13 15 16 17 18 19 20 27 | 27.0
Fighting       | 3 4 5 6 7 8 9 10 11 12 13 15 16 17 18 19 20 21 27 | 27.0
Translocations | 3 |  3.2
Maces & Flails | 2 3 4 6 7 8 10 11 13 14 | 14.6
Evocations     | 1 2 4 5 7 9 10 11 | 11.7
Invocations    | 5 8 10 12 14 15 16 17 18 20 21 22 24 27 | 27.0
Throwing       | 4 6 8 10 11 16 | 16.0
Shields        | 3 7 10 12 14 16 17 18 19 27 | 27.0
Dodging        | 2 5 |  5.0
Ranged Weapons | |  0.1
Unarmed Combat | |  2.9
Spellcasting   | |  1.7

Action                     |  1- 3 |  4- 6 |  7- 9 | 10-12 | 13-15 | 16-18 | 19-21 | 22-24 | 25-27 || total
---------------------------+-------+-------+-------+-------+-------+-------+-------+-------+-------++-------
  Melee: Unarmed           |    99 |    40 |       |       |       |       |       |       |       ||   139
         Punch             |     2 |     3 |     5 |    22 |    39 |       |       |       |       ||    71
         Flail             |       |   103 |   251 |   674 |  1644 |  2511 |  2242 |  2930 |  7916 || 18271
         Morningstar       |       |       |       |       |       |       |       |       |    12 ||    12
   Fire: Sling             |     4 |       |       |       |       |       |       |       |       ||     4
  Throw: Stone             |     2 |     2 |       |     6 |       |       |       |       |       ||    10
         Dart              |       |     4 |    17 |    47 |   158 |    73 |       |       |       ||   299
         Boomerang         |       |     7 |     7 |     8 |   132 |    44 |    84 |    28 |   311 ||   621
         Javelin           |       |       |       |     3 |       |       |    13 |       |    25 ||    41
         Throwing net      |       |       |       |       |       |       |       |       |     3 ||     3
 Invoke: Line Pass         |       |       |     1 |     3 |     4 |     2 |     8 |     1 |     9 ||    28
         Grand Finale      |       |       |       |     2 |     7 |     2 |    12 |     9 |    58 ||    90
         Stomp             |       |       |       |       |       |     6 |     1 |     2 |     7 ||    16
  Evoke: Wand              |       |       |     4 |     5 |    14 |    36 |     7 |     9 |    34 ||   109
         Phantom mirror    |       |       |       |       |       |       |     2 |     2 |     4 ||     8
         Condenser vane    |       |       |       |       |       |       |     1 |     1 |       ||     2
         Lightning rod     |       |       |       |       |       |       |     1 |       |       ||     1
         Box of beasts     |       |       |       |       |       |       |       |     2 |       ||     2
    Use: Scroll            |     1 |     4 |     9 |     7 |    12 |    16 |     8 |     9 |    35 ||   101
         Potion            |       |       |       |       |     7 |     6 |    10 |     3 |    40 ||    66
   Stab: Paralysed         |       |       |     8 |    71 |   126 |   202 |   235 |   294 |  1038 ||  1974
         Invisible         |       |       |     1 |       |     2 |       |       |       |     1 ||     4
         Confused          |       |       |       |     1 |       |     2 |     1 |       |    11 ||    15
         Distracted        |       |       |       |       |       |       |       |     1 |     2 ||     3
         Held in net/web   |       |       |       |       |       |       |       |       |     1 ||     1
 Armour: Chain mail        |    57 |    96 |   137 |       |       |       |       |       |       ||   290
         Plate armour      |       |       |    30 |   491 |  1030 |    14 |       |       |       ||  1565
         Acid dragon scale |       |       |       |       |    28 |       |       |       |       ||    28
         Scale mail        |       |       |       |       |       |   798 |       |       |       ||   798
         Fire dragon scale |       |       |       |       |       |    63 |       |       |       ||    63
         Gold dragon scale |       |       |       |       |       |   387 |   506 |   892 |  2910 ||  4695
         Storm dragon scal |       |       |       |       |       |     8 |   403 |       |       ||   411
  Dodge: Dodged            |    26 |    50 |    71 |   121 |   262 |   360 |   224 |   211 |   893 ||  2218
  Block: Kite shield       |       |       |       |       |    50 |  1647 |   846 |       |       ||  2543
         Reflection        |       |       |       |       |       |    33 |    60 |    62 |    47 ||   202
         Tower shield      |       |       |       |       |       |       |   548 |  2025 |  5709 ||  8282
